 Dungeon Crawl Stone Soup version 0.15.0-27-gbdb0435 (webtiles) character file.

7809 Telfir the Hoplite (level 11, 0/94 HPs)
             Began as a Minotaur Fighter on Sept 10, 2014.
             Was an Elder of Okawaru.
             Killed from afar by Erica (33 damage)
             ... with a bolt of poison
             ... on Level 1 of the Lair of Beasts.
             The game lasted 00:27:54 (11288 turns).

Telfir the Hoplite (Minotaur Fighter)              Turns: 11288, Time: 00:27:54

HP   0/94        AC 25     Str 26      XL: 11   Next:  1%
MP   5/6         EV 10     Int  5      God: Okawaru [****..]
Gold 471         SH 15     Dex 13      Spells:  0 memorised, 10 levels left

rFire  . . .     SeeInvis .     a - +2 mace (protect)
rCold  . . .     Clarity  .     M - +0 plate armour
rNeg   . . .     rCorr    .     c - +0 shield
rPois  .         rRot     .     (helmet restricted)
rElec  .         Spirit   .     (no cloak)
SustAb .         Warding  .     O - +0 pair of gloves
rMut   +         Stasis   .     R - +0 pair of boots
Gourm  .                        D - amulet of resist mutation
MR     +....                    (no ring)
                                f - ring of protection from magic

@: mighty, lethally poisoned, heroism, somewhat resistant to hostile
enchantments, extremely unstealthy
A: retaliatory headbutt, horns 2
a: Heroism, Renounce Religion


You were on level 1 of the Lair of Beasts.
You worshipped Okawaru.
Okawaru was greatly pleased with you.
You were not hungry.

You visited 3 branches of the dungeon, and saw 11 of its levels.
You also visited: Sewer.

You collected 471 gold pieces.

Inventory:

Hand weapons
 a - a +2 mace of protection (weapon)
 r - a +0 blowgun
 V - a +3 mace
Missiles
 B - 43 poisoned needles
Armour
 b - a +0 scale mail
 c - a +0 shield (worn)
 M - a +0 plate armour (worn)
 O - a +0 pair of gloves (worn)
 R - a +0 pair of boots (worn)
Magical devices
 i - a wand of slowing (14) {unknown}
 s - a wand of fireball (6) {unknown}
 G - a wand of disintegration (7)
 Q - a wand of magic darts (17) {unknown}
 U - a wand of frost (13) {unknown}
Comestibles
 d - 8 bread rations
 l - 2 royal jellies
 n - 2 beef jerkies
 z - 3 fruits
 H - 2 meat rations
Scrolls
 h - 4 scrolls of teleportation
 o - 2 scrolls of fear
 q - 3 scrolls of blinking {unknown}
 x - a scroll of enchant weapon
 y - 2 scrolls of random uselessness {unknown}
 C - 4 scrolls of fog {unknown}
 E - a scroll of immolation {unknown}
 J - 5 scrolls of identify
 K - 2 scrolls of remove curse
 N - a scroll of amnesia {unknown}
 T - a scroll of magic mapping
 X - a scroll of summoning {unknown}
Jewellery
 f - a ring of protection from magic (left hand)
 k - an uncursed ring of teleportation
 D - an amulet of resist mutation (around neck)
 S - an uncursed ring of ice
Potions
 e - 5 potions of restore abilities
 g - 2 potions of lignification
 j - a potion of cancellation {unknown}
 m - a potion of agility {unknown}
 p - 3 potions of heal wounds
 t - a potion of resistance {unknown}
 u - a potion of invisibility {unknown}
 v - a potion of cure mutation {unknown}
 w - 2 potions of confusion {unknown}
 A - 5 potions of curing
 F - 2 potions of might
 I - a potion of flight {unknown}
Books
 P - a book of the Warp

   Spells                             Type                      Level
   Control Teleport                   Charms/Translocation         4
   Phase Shift                        Translocation                5
   Warp Weapon                        Charms/Translocation         5
   Dispersal                          Translocation                6
   Controlled Blink                   Translocation                7
   Disjunction                        Translocation                8


   Skills:
 + Level 8.3(13.3) Fighting
 + Level 9.2(14.2) Maces & Flails
 + Level 1.9(6.9) Throwing
 + Level 10.3(15.3) Armour
 + Level 7.5(12.5) Dodging
 - Level 0.6(5.6) Stealth
 + Level 10.8(15.8) Shields
 + Level 1.2 Invocations


You had 10 spell levels left.
You didn't know any spells.

Dungeon Overview and Level Annotations

Branches:
Dungeon (9/15)             Temple (1/1) D:5            Lair (1/8) D:9
    Orc: D:9-12

Altars:
Ashenzari
Cheibriados
Dithmenos
Elyvilon
Fedhas
Kikubaaqudgha
Makhleb
Nemelex Xobeh
Okawaru
Qazlal
Sif Muna
Trog
Vehumet
Xom
Yredelemnul
Zin
The Shining One

Shops:
D:8 %

Annotations:
Lair:1 Erica


Innate Abilities, Weirdness & Mutations

You reflexively headbutt those who attack you in melee.
You have a pair of horns on your head.


Message History

You feel much better. You block the green rat's attack. Something hits you.
* * * LOW HITPOINT WARNING * * *
Something burns you.
* * * LOW HITPOINT WARNING * * *
Drink which item? (? for menu, Esc to quit)
You feel much better. You block the green rat's attack. Something hits you!
Something burns you.
You closely miss something. You headbutt something.
You block the green rat's attack.
Drink which item? (? for menu, Esc to quit)
You feel very mighty all of a sudden. Something completely misses you.
You block the green rat's attack.
You barely miss something. Something hits you but does no damage.
You closely miss something. You block the green rat's attack.
You miss something. Your headbutt misses something.
You block the green rat's attack.
You hear some strange, mumbled words.
The bolt of poison hits you!
You are poisoned.
You die...

..### #...............
#..#.###................
#...... .........####P..
#.....##.##.####..# ##..
..####?....#........#.## #..
...........#........#.P# #..
...........#........'.## #..
............#........#..## #..
.......%%...r@.......#...###..
...........%.##.###.+#........
...#######...................
. #............#≈.P≈..
#............PP≈≈≈..
#.............≈≈PP≈≈
#..........[..≈≈PP≈P
#.............≈≈≈≈≈≈
#........>....≈≈≈P≈≈


You could see a green rat.

Vanquished Creatures
  A hydra (Lair:1)
  3 spiny frogs (Lair:1)
  A kobold demonologist (Sewer)
  A fire drake (D:8)
  Grinder (Sewer)
  A troll (D:9)
  5 blink frogs (Lair:1)
  Eustachio (D:5)
  A hippogriff (Lair:1)
  A water moccasin (Lair:1)
  2 orc warriors
  4 phantoms
  3 centaurs
  A black bear (D:4)
  A necrophage (D:9)
  An ogre (D:4)
  2 crocodiles (Lair:1)
  5 big kobolds
  Blork the orc (D:4)
  8 giant frogs
  11 killer bees
  3 scorpions
  2 electric eels (Lair:1)
  2 crimson imps
  2 giant frog skeletons (D:6)
  5 worker ants
  3 jellies
  2 orc priests
  4 hounds
  10 orc wizards
  4 big kobold zombies (Sewer)
  9 adders
  2 green rats (Lair:1)
  6 giant mites
  3 shadow imps
  An inept feature mimic (D:8)
  A worm (D:6)
  5 ufetubi (Sewer)
  An iguana skeleton (D:6)
  6 giant geckos
  An ooze (Sewer)
  24 orcs
  14 bats
  2 bat zombies (Sewer)
  3 giant cockroaches
  14 hobgoblins
  8 jackals
  4 quokkas
  6 giant newts
  A giant newt skeleton (D:4)
  13 goblins
  A hobgoblin skeleton (D:7)
  37 kobolds
  A kobold zombie (Sewer)
  13 rats
268 creatures vanquished.

Vanquished Creatures (others)
  3 green rats (Lair:1)
  2 plants (Lair:1)
5 creatures vanquished.

Grand Total: 273 creatures vanquished

Notes
Turn   | Place    | Note
--------------------------------------------------------------
     0 | D:1      | Telfir, the Minotaur Fighter, began the quest for the Orb.
     0 | D:1      | Reached XP level 1. HP: 19/19 MP: 1/1
   491 | D:1      | Reached XP level 2. HP: 27/27 MP: 1/1
   537 | D:1      | Reached skill level 4 in Shields
   847 | D:2      | Reached XP level 3. HP: 29/33 MP: 2/2
  1417 | D:3      | Reached XP level 4. HP: 40/40 MP: 2/2
  1499 | D:3      | Reached skill level 1 in Dodging
  2330 | D:4      | Found a glowing drain.
  2378 | Sewer    | Entered a sewer
  2404 | Sewer    | Reached XP level 5. HP: 31/46 MP: 2/2
  2410 | Sewer    | Reached skill level 5 in Armour
  2410 | Sewer    | Found a burning altar of Makhleb.
  2411 | Sewer    | Noticed a big kobold
  2411 | Sewer    | Noticed an apprentice kobold demonologist
  2425 | Sewer    | Killed an apprentice kobold demonologist
  2425 | Sewer    | Reached skill level 5 in Shields
  2425 | Sewer    | Reached XP level 6. HP: 43/53 MP: 3/3
  2433 | Sewer    | Killed a big kobold
  2563 | Sewer    | Noticed a big kobold
  2587 | Sewer    | Killed a big kobold
  2587 | Sewer    | Reached skill level 6 in Armour
  2587 | Sewer    | Reached XP level 7. HP: 33/60 MP: 3/3
  2778 | Sewer    | Noticed Grinder
  2790 | Sewer    | Killed Grinder
  3391 | D:4      | Noticed Blork the orc
  3401 | D:4      | Killed Blork the orc
  3832 | D:4      | Reached skill level 5 in Dodging
  3834 | D:4      | Reached XP level 8. HP: 63/67 MP: 3/3
  3892 | D:4      | Reached skill level 5 in Maces & Flails
  3977 | D:4      | Noticed a phantom
  3997 | D:4      | Killed a phantom
  3997 | D:4      | Reached skill level 5 in Fighting
  4352 | D:5      | Entered Level 5 of the Dungeon
  4371 | D:5      | Found a shadowy altar of Dithmenos.
  4498 | D:5      | Noticed Eustachio
  4511 | D:5      | Killed Eustachio
  4753 | D:4      | Reached skill level 7 in Armour
  4977 | D:5      | Found a staircase to the Ecumenical Temple.
  4984 | Temple   | Entered the Ecumenical Temple
  5082 | Temple   | Became a worshipper of Warmaster Okawaru
  6248 | D:6      | Reached XP level 9. HP: 75/75 MP: 4/4
  6838 | D:7      | Reached skill level 8 in Shields
  6848 | D:7      | Acquired Okawaru's first power
  7823 | D:8      | Found a staircase to the Lair.
  7823 | D:8      | Noticed a fire drake
  7832 | D:8      | Killed a fire drake
  7832 | D:8      | Reached skill level 9 in Shields
  8184 | D:8      | Found Unad's Food Shop.
  8698 | D:8      | Reached XP level 10. HP: 86/86 MP: 4/4
  8875 | D:8      | the staircase to the Lair was a mimic.
  8941 | D:9      | Reached skill level 1 in Throwing
  9247 | D:9      | Found a staircase to the Lair.
  9340 | D:9      | Found an ancient bone altar of Kikubaaqudgha.
  9685 | Lair:1   | Entered Level 1 of the Lair of Beasts
  9722 | Lair:1   | Reached skill level 10 in Shields
 10444 | Lair:1   | Noticed a six-headed hydra
 10457 | Lair:1   | Killed a six-headed hydra
 10457 | Lair:1   | Reached skill level 10 in Armour
 11167 | Lair:1   | Reached XP level 11. HP: 80/94 MP: 5/5
 11247 | Lair:1   | Noticed Erica
 11254 | Lair:1   | Reached skill level 1 in Invocations
 11288 | Lair:1   | Killed from afar by Erica

Action                   |  1- 3 |  4- 6 |  7- 9 | 10-12 || total
-------------------------+-------+-------+-------+-------++-------
Melee: Flail             |   107 |   110 |   216 |       ||   433
       Mace              |       |       |   279 |   256 ||   535
 Fire: Blowgun           |       |       |     6 |    11 ||    17
Invok: Heroism           |       |       |       |     3 ||     3
  Use: Scroll            |     1 |     4 |     4 |       ||     9
       Potion            |       |     2 |     1 |     6 ||     9
  Eat: Chunk             |     1 |     3 |    17 |     5 ||    26
       Meat ration       |       |       |     1 |     1 ||     2
